 Dungeon Crawl Stone Soup version 0.31.0-7-gf635a9b802 (webtiles) character file.

Game seed: 11705129320269137295

124 browni3141 the Ruffian (level 4, -5/42 HPs)
             Began as a Troll Enchanter on Jan 23, 2024.
             Slain by a gnoll
             ... wielding a +0 halberd
              (14 damage)
             ... on level 1 of the Dungeon.
             The game lasted 00:03:47 (1118 turns).

browni3141 the Ruffian (Troll Enchanter)            Turns: 1118, Time: 00:03:47

Health: -5/42      AC:  4    Str: 18    XL:     4   Next: 81%
Magic:  4/4        EV:  9    Int: 11    God:
Gold:   60         SH:  0    Dex: 10    Spells: 5/5 levels left

rFire   . .          .
                       - Unarmed
rCold   . . .        (no shield)
rNeg    . . .        b - +0 robe
rPois   .            (helmet restricted)
rElec   .            (no cloak)
rCorr   .            (gloves unavailable)
SInv    .            (boots unavailable)
Will    .....        (no amulet)
Stlth   ++           (no ring)
HPRegen 1.07/turn    (no ring)
MPRegen 0.09/turn

%: no passive effects
@: no status effects
A: large, unfitting armour, claws 3, regeneration 1, shaggy fur 1, tough skin 1
a: no special abilities


You were on level 1 of the Dungeon.
You visited 1 branch of the dungeon, and saw 2 of its levels.

You collected 60 gold pieces.

Inventory:

Armour
 b - a +0 robe (worn)
Scrolls
 j - a scroll of identify {unknown}
 k - a scroll of immolation {unknown}
 l - a scroll of teleportation {unknown}
Potions
 i - 2 potions of invisibility
 m - a potion of might {unknown}


   Skills:
 + Level 2.0 Fighting
 - Level 0.7 Short Blades
 - Level 1.5 Dodging
 - Level 1.5 Stealth
 * Level 3.6 Unarmed Combat
 - Level 1.2 Spellcasting
 - Level 2.0 Hexes


You had 5 spell levels left.
You didn't know any spells.
Your spell library contained the following spells:

 Spells                   Type           Power      Damage    Failure   Level
 Ensorcelled Hibernation  Hex/Ice        4%         N/A       32%         2
 Confusing Touch          Hex            5%         N/A       38%         3
 Tukima's Dance           Hex            5%         N/A       38%         3
 Dazzling Flash           Conj/Hex       4%         N/A       54%         3


Dungeon Overview and Level Annotations

Branches:
Dungeon (2/15)

Altars:


Innate Abilities, Weirdness & Mutations

You are too large for most types of armour.
You have claws for hands.
Your natural rate of healing is unusually fast.
You are covered in fur. (AC +1)
You have tough skin. (AC +1)


Message History

Natasha barely misses you. The cerulean imp misses you.
The cerulean imp closely misses you.
You climb upwards.
The cerulean imp disappears in a puff of smoke! x2
There is a stone staircase leading down here.
You scratch Natasha.
Natasha is moderately wounded.
Natasha claws you.
You closely miss Natasha.
Natasha is moderately wounded.
Natasha claws you.
You are too injured to fight recklessly!
You are too injured to fight recklessly!
You are too injured to fight recklessly!
You are too injured to fight recklessly!
You closely miss Natasha.
Natasha is moderately wounded.
Natasha claws you.
You miss Natasha.
Natasha is moderately wounded.
Natasha claws you!
* * * LOW HITPOINT WARNING * * *
You closely miss Natasha.
Natasha is moderately wounded.
Natasha claws you.
* * * LOW HITPOINT WARNING * * *
You claw Natasha!
You kill Natasha!
Natasha growls in agony!
Your Unarmed Combat skill increases to level 3!
You have reached level 4!
Level map cleared.
HP restored.
You see here the felid corpse of Natasha.
Things that are here:
4 stones; a +0 whip Natasha, Servant of Life and Death comes into view.
Natasha is nearby!
Natasha hisses angrily.
Natasha mumbles some strange words.
You claw Natasha!
Natasha is heavily wounded.
Natasha claws you.
You scratch Natasha.
Natasha is almost dead.
Natasha barely misses you.
You claw Natasha!
You kill Natasha!
Natasha screams in pain as she dies!
The cerulean imp disappears in a puff of smoke!
There is a stone staircase leading down here.
You see here a +0 club.
Natasha, Servant of Life and Death comes into view.
Natasha moves out of view.
Natasha is nearby!
Natasha hisses angrily.
You miss Natasha. Natasha claws you.
You closely miss Natasha. Natasha claws you.
You barely miss Natasha. Natasha barely misses you.
You claw Natasha!
Natasha is severely wounded.
Natasha claws you!
You scratch Natasha but do no damage.
Natasha is severely wounded.
Natasha closely misses you.
You scratch Natasha.
Natasha is severely wounded.
Natasha claws you.
You claw Natasha!
You kill Natasha!
You feel Natasha's spirit has finally been put to rest.
Your Fighting skill increases to level 2!
You see here the felid corpse of Natasha.
Remembered map restored.
You see here 8 stones.
There is a stone staircase leading down, spattered with blood here.
You climb downwards.
The gnoll hits you with a +0 halberd!
There is a stone staircase leading up, spattered with blood here.
The gnoll hits you but does no damage. The gnoll closely misses you.
The gnoll hits you from afar with a +0 spear.
You climb upwards.
There is a stone staircase leading down, spattered with blood here.
You barely miss the gnoll. The gnoll hits you with a +0 halberd!
The gnoll hits you but does no damage.
You scratch the gnoll.
The gnoll is moderately wounded.
The gnoll barely misses you. The gnoll hits you with a +0 club.
You barely miss the gnoll.
The gnoll is moderately wounded.
The gnoll barely misses you. The gnoll hits you with a +0 club.
You barely miss the gnoll.
The gnoll is moderately wounded.
The gnoll hits you with a +0 halberd!
* * * LOW HITPOINT WARNING * * *
The gnoll hits you with a +0 club.
* * * LOW HITPOINT WARNING * * *
You claw the gnoll!
The gnoll is almost dead.
The gnoll hits you with a +0 halberd!
You die...

##.... ##>....
#...... #####
#...... #...#
#...... #######
#...# #......
###.....#######...#
#......
...............gg.#
##.....
..#####.#######รท@.#
#...... ###
###.#####
##.##########).....
#####.#.#.#.#
#.#...............
.....#.#.#.##
#.#...............
....#.#.#.#.#
#.#.[.............
.....#.#.#.##
#...........#.....
....#.#<#.#.#
#..#####.#####....
.....#.#.#(#####..#
#.# ####.
....#.#.#.#......##
#.### #.


You could see 2 gnolls.

Vanquished Creatures
  Natasha (thrice) (D:1)
  A gnoll (D:2)
  3 dart slugs (D:1)
  An endoplasm (D:1)
  2 giant cockroaches
  A goblin (D:1)
  4 jackals (D:1)
  9 kobolds
  3 ball pythons (D:1)
  5 bats
  A frilled lizard (D:2)
  A rat (D:1)
34 creatures vanquished.

Notes
Turn   | Place    | Note
-------+----------+-------------------------------------------
     0 | D:1      | browni3141 the Troll Enchanter began the quest for the Orb.
     0 | D:1      | Reached XP level 1. HP: 16/16 MP: 1/1
    29 | D:1      | Reached skill level 1 in Unarmed Combat
    33 | D:1      | Reached XP level 2. HP: 23/26 MP: 2/2
   172 | D:1      | Reached skill level 2 in Unarmed Combat
   298 | D:1      | Reached XP level 3. HP: 33/33 MP: 3/3
   689 | D:2      | Noticed Natasha
   862 | D:1      | Killed Natasha
   863 | D:1      | Reached skill level 3 in Unarmed Combat
   863 | D:1      | Reached XP level 4. HP: 14/41 MP: 4/4
   945 | D:1      | Noticed Natasha
   951 | D:1      | Killed Natasha
  1066 | D:1      | Noticed Natasha
  1078 | D:1      | Killed Natasha
  1118 | D:1      | Slain by a gnoll

Illustrated notes

Levels and vault maps discovered:
D:1:      lightli_arrival_chessboard, layout_rooms
D:2:      layout_loops_ring, grunt_decor_cap, uniq_natasha

Skill      XL: |  1  2  3  4 |
---------------+-------------+-----
Unarmed Combat | 1 2 3 |  3.6
Fighting       | 1 2 |  2.0
Short Blades   | |  0.7
Dodging        | |  1.5
Stealth        | |  1.5
Spellcasting   | |  1.2
Hexes          | |  2.0

Action                     |  1- 3 |  4- 6 || total
---------------------------+-------+-------++-------
  Melee: Unarmed           |    80 |    15 ||    95
   Stab: Sleeping          |     4 |       ||     4
 Armour: Robe              |    68 |    15 ||    83
  Dodge: Dodged            |    50 |     6 ||    56
